 Dungeon Crawl Stone Soup version 0.29.1-12-g30fa7ad0bf (webtiles) character file.

Game seed: 3753467091461305602

22254 nightchill the Severer (level 12, -25/90 (103) HPs)
             Began as a Minotaur Fighter on Jan 11, 2023.
             Was an Elder of Hepliaklqana.
             Killed from afar by Nergalle (31 damage)
             ... with a bolt of negative energy
             ... on level 1 of the Lair of Beasts.
             The game lasted 00:38:17 (16402 turns).

nightchill the Severer (Minotaur Fighter)          Turns: 16402, Time: 00:38:18

HP:   -25/90 (103)  AC: 11    Str: 31    XL:     12   Next: 61%
MP:   17/17         EV:  9    Int:  5    God:    Hepliaklqana [****..]
Gold: 1050          SH: 10    Dex: 11    Spells: 11/11 levels left

rFire   . . .      SeeInvis .   a - +0 war axe
rCold   . . .      Faith    .   S - +0 kite shield
rNeg    . . .      Spirit   .   O - +2 scale mail {rPois}
rPois   +          Reflect  .   (helmet restricted)
rElec   .          Harm     .   (no cloak)
rCorr   .          Rampage  .   s - +0 pair of gloves
Will    .....                   (no boots)
Stlth   ..........              (no amulet)
HPRegen 0.25/turn               o - ring of flight
MPRegen 0.15/turn               t - +6 ring of strength

@: flying, heavily drained
A: reduced essence, horns 2, retaliatory headbutt
a: Renounce Religion, Recall Ancestor, Ancestor Identity, Transference, Idealise


You were on level 1 of the Lair of Beasts.
You worshipped Hepliaklqana.
Hepliaklqana was greatly pleased with you.
You visited 3 branches of the dungeon, and saw 13 of its levels.

You collected 1050 gold pieces.

Inventory:

Hand Weapons
 a - a +0 war axe (weapon)
 n - a +0 short sword of flaming
 L - a +2 flail of protection
Missiles
 j - 4 curare-tipped darts
 m - 4 atropa-tipped darts (quivered)
 z - 53 poisoned darts
 V - 2 throwing nets
Armour
 b - a +0 scale mail
 c - a +0 buckler
 s - a +0 pair of gloves (worn)
 D - a +0 chain mail
 O - a +2 scale mail of poison resistance (worn)
 S - a +0 kite shield (worn)
Jewellery
 o - a ring of flight (left hand)
 t - a +6 ring of strength (right hand)
 H - a ring of ice
Wands
 y - a wand of mindburst (5)
 K - a wand of charming (13)
 T - a wand of flame (3)
 X - a wand of roots (1)
Scrolls
 d - a scroll of noise {unknown}
 g - 2 scrolls of enchant weapon {unknown}
 h - 4 scrolls of fear
 i - 2 scrolls of blinking
 v - a scroll of vulnerability {unknown}
 w - 2 scrolls of immolation
 x - 7 scrolls of teleportation
 B - 2 scrolls of amnesia {unknown}
 G - 2 scrolls of magic mapping {unknown}
 I - a scroll of silence {unknown}
 M - a scroll of butterflies {unknown}
 N - a scroll of enchant armour {unknown}
 P - 3 scrolls of poison {unknown}
 R - a scroll of identify
 W - a scroll of acquirement {unknown}
Potions
 e - 3 potions of mutation
 f - 3 potions of brilliance
 k - 3 potions of lignification
 l - 3 potions of flight
 p - 2 potions of berserk rage
 q - 2 potions of heal wounds
 r - a potion of magic
 u - 2 potions of attraction
 A - 3 potions of ambrosia
 C - 2 potions of might
 E - a potion of cancellation {unknown}
 J - a potion of haste
 Q - a potion of degeneration {unknown}
 U - a potion of resistance {unknown}
Miscellaneous
 F - a box of beasts


   Skills:
 + Level 13.5 Fighting
 - Level 16.0 Axes
 + Level 7.3 Armour
 * Level 9.5 Shields
 * Level 8.6 Invocations


You had 11 spell levels left.
You didn't know any spells.
Your spell library contained the following spells:

 Spells                   Type           Power      Damage    Failure   Level
 Shock                    Conj/Air       0%         1d3       93%         1
 Static Discharge         Conj/Air       0%         3-3/arc   98%         2
 Ozocubu's Armour         Ice            0%         N/A       100%        3
 Airstrike                Air            0%         2d(0-16)  100%        4
 Summon Lightning Spire   Summ/Air       0%         N/A       100%        4
 Lightning Bolt           Conj/Air       0%         1d11      100%        5
 Ozocubu's Refrigeration  Ice            0%         4d7       100%        7
 Maxwell's Capacitive Co  Air            0%         ∞         100%        8
 Dragon's Call            Summ           0%         N/A       100%        9
 Fire Storm               Conj/Fire      0%         5d1       100%        9


Dungeon Overview and Level Annotations

Branches:
Dungeon (11/15)            Temple (1/1) D:4            Lair (1/5) D:11
    Orc: D:9-12

Altars:
Ashenzari
Cheibriados
Elyvilon
Fedhas
Gozag
Hepliaklqana
Kikubaaqudgha
Makhleb
Nemelex Xobeh
Okawaru
Qazlal
Ru
Sif Muna
Trog
Uskayaw
Vehumet
Wu Jian
Xom
Yredelemnul
Zin
The Shining One

Annotations:
D:8 exclusion: battlemage
D:9 3 runed translucent doors, exclusion: downstairs, Erolcha; Yolobob's ghost, novice HOMo
D:10 1 exclusion
Lair:1 Nergalle


Innate Abilities, Weirdness & Mutations

Your life essence is reduced to manifest your ancestor. (-10% HP)
You have a pair of horns on your head.
You reflexively headbutt those who attack you in melee.


Message History

Nergalle is severely wounded.
You hit the spectral orc knight.
You barely miss the spectral orc knight.
The spectral orc knight hits you with a +2 great sword!
The spectral orc knight hits you with a +1 battleaxe.
* * * LOW HITPOINT WARNING * * *
The spectral orc knight hits Jimmeh with a +1 battleaxe.
Jimmeh barely misses the spectral orc knight.
Nergalle hits you with a +0 dagger.
* * * LOW HITPOINT WARNING * * *
You closely miss Nergalle.
You headbutt Nergalle, but do no damage.
Nergalle is severely wounded.
You slash the spectral orc knight!
You hit the spectral orc knight but do no damage.
The spectral orc knight hits you with a +1 battleaxe!!
* * * LOW HITPOINT WARNING * * *
The spectral orc knight hits Jimmeh with a +1 battleaxe!!
You block the spectral orc knight's attack.
Jimmeh hits the spectral orc knight with a +0 quarterstaff.
You hit Nergalle. Your headbutt misses Nergalle.
Nergalle is severely wounded.
You hit the spectral orc knight.
You hit the spectral orc knight but do no damage.
Nergalle hits you but does no damage.
The spectral orc knight barely misses you.
You furiously retaliate!
You headbutt the spectral orc knight.
The spectral orc knight hits Jimmeh with a +1 battleaxe!!
Jimmeh is destroyed!
The spectral orc knight hits you with a +2 great sword!
* * * LOW HITPOINT WARNING * * *
You feel drained.
* * * LOW HITPOINT WARNING * * *
You slash Nergalle!
Nergalle is almost dead.
You hit the spectral orc knight.
You hit the spectral orc knight but do no damage.
Nergalle points at you and mumbles some strange words.
The bolt of negative energy hits you!!
You feel drained.
You die...

....######..#.......(..
#..##
##.⌠.............. ...
#.................
.....>.⌠.........?..
..#.....#.........?. .
##.⌠..#...........
####............#
##...ZZ.......
#....@.......
#....o.......
#............
#.............
#..............
..#P##......... ####
###.....)# #.....#


You could see Nergalle and 2 spectral orc knights.

Vanquished Creatures
  A centaur warrior (D:9)
  Erica (D:10)
  3 two-headed ogres
  A cyclops (D:9)
  A manticore (D:11)
  A black mamba (D:11)
  Maurice (D:9)
  A gargoyle (D:11)
  A cane toad (Lair:1)
  Psyche (D:9)
  2 komodo dragons (D:11)
  A hornet (D:8)
  2 trolls
  Prince Ribbit (D:5)
  A wraith (D:10)
  16 yaks
  A vampire mosquito (D:10)
  A steam dragon (D:8)
  Menkaure (D:4)
  2 acid dragons
  2 water moccasins
  2 black bears
  An orc warrior (D:9)
  An ice beast (D:6)
  A sky beast (D:7)
  3 centaurs
  5 wolves
  An ogre (D:6)
  3 phantoms
  4 kobold brigands
  Blork the orc (D:4)
  2 gnoll sergeants
  2 bullfrogs
  2 scorpions
  13 wights
  5 killer bees
  3 howler monkeys
  A jelly (D:7)
  2 hounds
  6 orc priests
  A gnoll bouda (D:10)
  5 iguanas
  5 orc wizards
  9 gnolls
  8 adders
  3 ufetubi
  2 worms
  4 dart slugs
  15 orcs
  10 endoplasms
  5 giant cockroaches
  9 hobgoblins
  6 jackals (D:1)
  2 quokkas
  3 ball pythons
  4 bats
  3 frilled lizards
  7 goblins
  17 kobolds
  7 rats
225 creatures vanquished.

Vanquished Creatures (collateral kills)
  2 two-headed ogres
  A catoblepas (D:9)
  Sonja (D:10)
  A cane toad (D:11)
  An unseen horror (D:11)
  A troll (D:10)
  A hornet (D:9)
  3 wraiths
  A wyvern (D:11)
  A basilisk (Lair:1)
  A steam dragon (D:8)
  18 yaks
  An acid dragon (D:9)
  A water moccasin (Lair:1)
  3 orc warriors
  A black bear (D:11)
  A wolf (D:11)
  A centaur (D:8)
  3 kobold brigands
  2 bullfrogs
  2 gnoll sergeants
  A scorpion (D:11)
  3 wights (D:10)
  7 killer bees
  2 howler monkeys
  2 orc priests
  A gnoll bouda (D:8)
  3 orc wizards
  4 gnolls
  4 orcs
  6 kobolds
80 creatures vanquished.

Vanquished Creatures (others)
  An orc wizard (D:10)
  15 battlemagi
  An ancestor (D:6)
  A kobold (D:9)
  3 fungi
  12 plants
33 creatures vanquished.

Grand Total: 338 creatures vanquished

Notes
Turn   | Place    | Note
-------+----------+-------------------------------------------
     0 | D:1      | nightchill the Minotaur Fighter began the quest for the
                  | Orb.
     0 | D:1      | Reached XP level 1. HP: 19/19 MP: 0/0
    74 | D:1      | Reached skill level 3 in Axes
    75 | D:1      | Reached XP level 2. HP: 15/27 MP: 1/1
   527 | D:1      | Reached XP level 3. HP: 16/33 MP: 2/2
  1148 | D:1      | Reached skill level 4 in Axes
  1568 | D:2      | Found a faded altar of an unknown god.
  1613 | D:2      | Reached XP level 4. HP: 40/40 MP: 3/3
  2112 | D:3      | Reached skill level 5 in Axes
  2135 | D:3      | Reached skill level 5 in Fighting
  2135 | D:3      | Reached XP level 5. HP: 19/48 MP: 4/4
  2799 | D:4      | Noticed Blork the orc
  2804 | D:4      | Killed Blork the orc
  2805 | D:4      | Reached skill level 6 in Axes
  2841 | D:4      | Reached XP level 6. HP: 57/57 MP: 5/5
  2843 | D:4      | Found an ancient bone altar of Kikubaaqudgha.
  2899 | D:4      | Noticed Menkaure
  2914 | D:4      | Killed Menkaure
  2915 | D:4      | Reached skill level 7 in Axes
  3223 | D:4      | Reached XP level 7. HP: 59/64 MP: 6/6
  3274 | D:4      | Reached skill level 8 in Axes
  3464 | D:4      | Found a hazy altar of Hepliaklqana.
  3465 | D:4      | Found a broken altar of Ashenzari.
  3470 | D:4      | Became a worshipper of Hepliaklqana the Forgotten
  3516 | D:4      | Found a staircase to the Ecumenical Temple.
  3534 | Temple   | Entered the Ecumenical Temple
  4029 | D:5      | Entered Level 5 of the Dungeon
  4031 | D:5      | You are sucked into a shaft and drop 2 floors!
  4197 | D:5      | Reached * piety under Hepliaklqana
  4209 | D:5      | Reached skill level 9 in Axes
  4388 | D:5      | Noticed Prince Ribbit
  4392 | D:5      | Killed Prince Ribbit
  4393 | D:5      | Reached XP level 8. HP: 51/65 MP: 7/7
  4394 | D:5      | Found a white marble altar of Elyvilon.
  4586 | D:5      | Got Asmodeus's Codex of Battle Magic and the Gathering
  4792 | D:6      | Reached skill level 10 in Axes
  5094 | D:6      | Reached skill level 11 in Axes
  5190 | D:6      | Found an opulent altar of Gozag.
  5403 | D:6      | Reached XP level 9. HP: 73/73 MP: 8/8
  5536 | D:6      | Found an iron altar of Okawaru.
  6068 | D:6      | Reached skill level 12 in Axes
  6087 | D:7      | Reached ** piety under Hepliaklqana
  6088 | D:7      | Remembered your ancestor Jimmeh as a battlemage
  6514 | D:7      | Found a radiant altar of Vehumet.
  6535 | D:7      | Found a glowing golden altar of the Shining One.
  7359 | D:8      | Reached skill level 13 in Axes
  7543 | D:8      | Reached skill level 10 in Fighting
  8042 | D:8      | Reached *** piety under Hepliaklqana
  8350 | D:9      | Reached skill level 14 in Axes
  8443 | D:9      | Noticed a cyclops
  8443 | D:9      | Noticed a two-headed ogre
  8452 | D:9      | Reached XP level 10. HP: 74/84 MP: 9/9
  8699 | D:9      | Identified the +2 robe of Pragmatism {Dex+3}
  8713 | D:9      | Paralysed by a hornet for 1 turns
  8720 | D:9      | Reached skill level 1 in Invocations
  9107 | D:9      | Killed a cyclops
  9277 | D:9      | Killed a two-headed ogre
  9278 | D:9      | Reached skill level 15 in Axes
  9302 | D:9      | Found a runed translucent gate.
  9302 | D:9      | Found a runed translucent gate.
  9302 | D:9      | Found a runed translucent gate.
  9303 | D:9      | Noticed a spectral centaur warrior
  9307 | D:9      | Noticed Yolobob's ghost (novice HOMo)
  9333 | D:9      | Noticed a catoblepas
  9792 | D:9      | Noticed Psyche
  9872 | D:9      | Noticed a centaur warrior
  9883 | D:9      | Killed a centaur warrior
 10031 | D:9      | Noticed Maurice
 10060 | D:9      | Noticed Erolcha
 10094 | D:9      | Killed Maurice
 10384 | D:9      | Killed Psyche
 10385 | D:9      | Reached XP level 11. HP: 79/93 MP: 13/13
 10486 | D:9      | Killed a catoblepas
 10487 | D:9      | Reached skill level 16 in Axes
 10904 | D:10     | Entered Level 10 of the Dungeon
 10914 | D:10     | Noticed Erica
 10917 | D:10     | Noticed Sonja
 10919 | D:10     | Noticed a two-headed ogre
 11105 | D:9      | Killed a two-headed ogre
 11106 | D:9      | Reached skill level 5 in Invocations
 11596 | D:10     | Killed Sonja
 11597 | D:10     | Reached skill level 5 in Shields
 11627 | D:10     | Killed Erica
 11738 | D:10     | Reached skill level 5 in Armour
 12260 | D:10     | Noticed a two-headed ogre
 12264 | D:10     | Killed a two-headed ogre
 14096 | D:11     | Reached XP level 12. HP: 78/103 MP: 16/16
 14285 | D:11     | Noticed a two-headed ogre
 14289 | D:11     | Killed a two-headed ogre
 14673 | D:11     | Reached **** piety under Hepliaklqana
 14734 | D:11     | Noticed a two-headed ogre
 14743 | D:11     | Killed a two-headed ogre
 14968 | D:11     | Found a staircase to the Lair.
 15108 | Lair:1   | Entered Level 1 of the Lair of Beasts
 15695 | Lair:1   | Found a shimmering altar of Xom.
 16392 | Lair:1   | Noticed Nergalle
 16402 | Lair:1   | Killed from afar by Nergalle

Illustrated notes

Levels and vault maps discovered:
D:1:      evilmike_arrival_rings, layout_basic, serial_forest,
          infiniplex_forest_clump_long, infiniplex_forest_straight_3,
          infiniplex_forest_clump_small, infiniplex_forest_straight_5,
          infiniplex_forest_lined_room_, infiniplex_forest_end_1
D:2:      layout_rooms, ebering_ecumenical_altar_rust, serial_bayou_pond_c
D:3:      layout_rooms
D:4:      layout_loops_ring, kiku_gazebo_pond_becter,
          gammafunk_temple_overflow_statue, minmay_temple_entry_arrows,
          minmay_close_crescents, uniq_blork_the_orc, uniq_menkaure
D:5:      layout_rooms, amcnicky_altar_gilded, uniq_prince_ribbit1
D:6:      layout_basic, okawaru_gym_becter, mainiacjoe_overflow_surrounded_room
D:7:      layout_loops_corners, tso_altar, vehumet_crystals
D:8:      layout_loops_corners
D:9:      minmay_bloctagon, layout_rooms, mainiacjoe_overflow_brackets,
          gammafunk_ghost_necromancy, uniq_erolcha, uniq_psyche, uniq_maurice
D:10:     nzn_winding_woodlands_medium [nzn_winding_woodlands_5x5_perimeter,
          nzn_winding_woodlands_5x15_sawtooth,
          nzn_winding_woodlands_5x5_default, nzn_winding_woodlands_5x5_default,
          nzn_winding_woodlands_center_garden, nzn_winding_woodlands_5x5_three,
          nzn_winding_woodlands_5x5_default,
          nzn_winding_woodlands_5x15_river_crossing,
          nzn_winding_woodlands_5x5_default], layout_basic, uniq_sonja,
          uniq_erica
D:11:     layout_irregular_city, grunt_lair_entry_orc_guard_hut, minivault_27
Temple:   nicolae_temple_bog_church
Lair:1:   layout_cave_shapes, basic_altar, serial_bayou_pond_b,
          grunt_megastairs_1, uniq_nergalle

Skill      XL: |  1  2  3  4  5  6  7  8  9 10 11 12 |
---------------+-------------------------------------+-----
Axes           | 3 4 5 6 7 9 11 14 15 16 | 16.0
Fighting       | 4 5 6 7 8 10 11 13 | 13.5
Invocations    | 4 7 8 |  8.6
Armour         | 6 7 |  7.3
Shields        | 7 9 |  9.5

Action                   |  1- 3 |  4- 6 |  7- 9 | 10-12 || total
-------------------------+-------+-------+-------+-------++-------
Melee: War axe           |    83 |    92 |   183 |   278 ||   636
       Headbutt          |    10 |    13 |    30 |    60 ||   113
       Unarmed           |       |       |       |     1 ||     1
Invok: Ancestor Identity |       |       |     1 |       ||     1
       Ancestor Life: Ba |       |       |     1 |       ||     1
       Recall Ancestor   |       |       |       |     9 ||     9
       Idealise          |       |       |       |     1 ||     1
Evoke: Box of beasts     |       |       |       |     1 ||     1
  Use: Scroll            |       |     1 |     5 |     6 ||    12
       Potion            |       |     3 |       |     4 ||     7
 Stab: Distracted        |       |       |       |     6 ||     6
Armor: Scale mail        |    40 |    45 |    28 |   108 ||   221
       Skin              |       |     7 |       |     1 ||     8
       Chain mail        |       |       |    44 |     7 ||    51
Dodge: Dodged            |    45 |    23 |    80 |    94 ||   242
Block: Buckler           |    17 |    16 |    36 |    15 ||    84
       Kite shield       |       |       |       |    97 ||    97
